Map: Jagannatha LE

Players

Reynor - Winner!

  • Race: Zerg Zerg

GunGFuBanDa

  • Race: Protoss Protoss

Event: DreamHack SC2 Masters 2021 Fall

VOD

Have the link to the VOD?

Description

Time

  • Played on: Aug. 4, 2021, 1:43 p.m.
  • Length: 11:44

All games in this series

Show
View Real Time Build Order
Export as new Build Order

Reynor Zerg - Winner!

Build Orders: Hatch First 

Get SALT Encoding   

  12  0:00  Drone  
  13  0:12  Overlord  
  13  0:16  Drone  
  14  0:30  Drone  
  15  0:44  Hatchery  
  15  0:48  Drone  
  15  0:52  Drone  
  15  0:56  Drone  
  17  1:00  Drone  
  18  1:09  Extractor  
  17  1:15  Spawning Pool  
  16  1:19  Drone  
  16  1:23  Drone  
  18  1:31  Drone  
  19  1:42  Drone  
  20  1:53  Overlord  
  20  1:58  Drone  
  21  2:02  Queen x2  
  21  2:03  Drone  
  21  2:07  Drone  
  27  2:15  Zergling x2  
  28  2:17  Metabolic Boost  
  28  2:19  Zergling x2  
  29  2:25  Drone  
  29  2:28  Drone  
  31  2:43  Hatchery  
  30  2:44  Queen  
  30  2:48  Overlord  
  32  2:51  Zergling x2  
  32  2:54  Drone  
  32  2:56  Drone  
  35  3:05  Drone  
  36  3:08  Drone x2  
  36  3:10  Overlord  
  36  3:12  Drone x2  
  40  3:14  Drone  
  41  3:20  Queen  
  41  3:23  Drone  
  44  3:28  Overlord  
  44  3:31  Drone  
  44  3:34  Queen  
  45  3:38  Spore Crawler  
  45  3:40  Drone  
  47  3:42  Drone  
  48  3:50  Drone  
  48  3:51  Drone  
  48  3:52  Roach Warren  
  49  3:56  Queen  
  49  3:59  Drone  
  49  4:02  Zergling x8  
  56  4:04  Zergling x2  
  56  4:07  Zergling x4  
  59  4:12  Spore Crawler  
  59  4:14  Zergling x4  
  59  4:15  Zergling x2  
  60  4:18  Overlord  
  60  4:28  Overlord  
  60  4:29  Spore Crawler  
  59  4:33  Roach x3  
  59  4:37  Roach x2  
  69  4:42  Roach x2  
  69  4:53  Zergling x8  
  69  4:54  Zergling x4  
  69  4:59  Drone  
  70  5:01  Lair, Drone  
  70  5:05  Drone  
  72  5:08  Drone x2  
  72  5:10  Drone  
  72  5:14  Drone x2  
  77  5:15  Drone  
  77  5:18  Extractor, Drone  
  78  5:23  Drone  
  78  5:26  Drone  
  80  5:30  Drone  
  80  5:31  Evolution Chamber  
  80  5:32  Drone  
  81  5:38  Overlord  
  81  5:41  Overlord  
  81  5:46  Extractor  
  81  5:49  Drone  
  81  5:51  Overlord  
  81  5:55  Drone  
  81  5:56  Drone x2  
  84  5:57  Zerg Missile Weapons Level 1  
  84  5:58  Roach x3  
  84  5:59  Overlord  
  84  6:01  Drone  
  91  6:04  Drone  
  91  6:07  Overlord  
  92  6:13  Roach x3  
  97  6:18  Overlord  
  97  6:24  Drone x5  
  98  6:25  Drone  
  98  6:27  Drone  
  97  6:33  Glial Reconstitution, Overlord  
  97  6:35  Evolution Chamber  
  97  6:37  Evolution Chamber  
  97  6:38  Queen  
  95  6:43  Drone  
  95  6:46  Extractor  
  91  6:50  Drone x2  
  91  6:51  Drone x2  
  91  6:52  Drone x2  
  90  6:55  Drone  
  90  6:58  Overlord  
  93  7:01  Drone  
  93  7:07  Drone x6  
  99  7:13  Drone x2  
  99  7:14  Drone  
  100  7:16  Overlord  
  100  7:23  Drone  
  100  7:25  Drone  
  100  7:29  Extractor x2, Drone  
  101  7:30  Overseer  
  101  7:33  Drone  
  101  7:36  Drone x6  
  108  7:39  Drone  
  108  7:40  Hatchery  
  107  7:44  Spire  
  107  7:45  Zergling x2  
  107  7:48  Zergling x2  
  107  7:50  Zergling x8  
  112  7:52  Ravager x3  
  112  7:57  Zergling x2  
  116  8:00  Zergling x2  
  116  8:03  Zerg Melee Weapons Level 1  
  117  8:06  Drone x7  
  117  8:11  Overlord  
  124  8:15  Zergling x2  
  124  8:16  Zergling x2  
  126  8:21  Hatchery  
  126  8:23  Zergling x2, Roach x2  
  126  8:25  Drone x3  
  129  8:27  Baneling Nest  
  129  8:31  Roach x2  
  129  8:33  Drone x3  
  134  8:35  Overlord  
  134  8:47  Evolution Chamber  
  133  8:48  Zergling x2  
  133  8:49  Zergling x10  
  133  8:53  Overlord  
  133  8:55  Zergling x6  
  142  9:01  Drone x4  
  146  9:05  Ravager  
  146  9:06  Ravager x2  
  149  9:17  Zergling x18  
  149  9:19  Baneling x12, Centrifical Hooks  
  149  9:20  Zerg Missile Weapons Level 2  
  158  9:26  Drone x3  
  158  9:28  Zergling x2  
  158  9:30  Overlord  
  159  9:41  Zergling x24  
  159  9:44  Overlord  
  170  9:47  Drone  
  170  9:48  Infestation Pit  
  170  9:50  Zergling x6  
  170  9:52  Baneling x19  
  173  9:54  Zergling x4  
  173  10:00  Zergling x12  
  173  10:05  Zergling x12, Roach  
  187  10:07  Zergling x2  
  187  10:10  Zergling x2  
  187  10:14  Baneling  
  189  10:15  Baneling x18  
  189  10:20  Drone  
  189  10:21  Overlord  
  190  10:22  Overseer  
  190  10:27  Spore Crawler, Spine Crawler  
  188  10:30  Drone  
  188  10:31  Drone  
  181  10:46  Zergling x38  
  177  10:51  Roach x4  
  177  10:53  Zergling x4  
  177  10:56  Roach  
  177  10:57  Zergling x2, Roach  
  174  10:59  Zergling x4, Roach  
  174  11:02  Zergling x6  
  174  11:03  Zergling x2  
  166  11:04  Zergling x4  
  166  11:08  Roach x2  
  153  11:11  Zergling x2, Roach  
  153  11:14  Zergling x2  
  153  11:15  Zergling x4  
  149  11:19  Zergling x8, Roach  
  149  11:20  Zergling x4  
  149  11:25  Baneling x14  
  155  11:27  Ravager x3  
  155  11:28  Ravager x2  
Show
View Real Time Build Order
Export as new Build Order

GunGFuBanDa Protoss 

Build Orders: 1 Gate Expand, Mass Adepts 

Get SALT Encoding   

  12  0:00  Probe  
  13  0:12  Probe  
  14  0:17  Pylon  
  14  0:24  Probe (Chrono Boost)  
  15  0:36  Probe (Chrono Boost)  
  15  0:40  Gateway  
  16  0:44  Probe (Chrono Boost)  
  17  0:50  Assimilator  
  17  0:51  Probe  
  18  1:03  Probe  
  19  1:15  Probe  
  20  1:25  Nexus  
  20  1:35  Cybernetics Core  
  20  1:39  Probe (Chrono Boost)  
  21  1:45  Assimilator  
  21  1:48  Probe (Chrono Boost)  
  22  1:54  Pylon  
  22  1:56  Probe  
  23  2:09  Adept (Chrono Boost)  
  23  2:12  Probe  
  26  2:18  Twilight Council  
  26  2:21  Warp Gate  
  26  2:24  Probe  
  27  2:32  Stalker  
  30  2:40  Probe x2 (Chrono Boost)  
  31  2:50  Robotics Facility  
  32  2:52  Probe x2 (Chrono Boost)  
  33  3:01  Probe  
  33  3:03  Probe  
  35  3:10  Gateway  
  35  3:12  Resonating Glaives (Chrono Boost)  
  35  3:13  Probe  
  35  3:17  Probe  
  37  3:25  Probe  
  37  3:26  Adept  
  40  3:31  Gateway  
  40  3:35  Gateway  
  40  3:41  Warp Prism (Chrono Boost)  
  42  3:49  Pylon  
  42  3:50  Probe  
  42  3:51  Probe  
  44  4:02  Probe  
  45  4:04  Pylon  
  45  4:10  Adept x2  
  45  4:14  Observer, Probe x2  
  52  4:20  Assimilator  
  52  4:22  Pylon  
  52  4:26  Probe  
  52  4:27  Probe  
  54  4:31  Adept x4  
  54  4:37  Assimilator  
  62  4:40  Probe x2  
  62  4:44  Pylon  
  64  4:50  Pylon  
  64  4:52  Adept x2  
  58  5:04  Observer  
  56  5:07  Adept  
  56  5:08  Adept  
  56  5:09  Probe  
  56  5:10  Probe  
  56  5:11  Robotics Bay  
  62  5:14  Shield Battery  
  62  5:17  Immortal (Chrono Boost)  
  66  5:23  Probe  
  67  5:32  Adept x3  
  67  5:33  Pylon  
  73  5:41  Probe  
  73  5:42  Probe  
  74  5:53  Stalker  
  74  5:54  Nexus  
  76  5:58  Disruptor (Chrono Boost)  
  76  6:03  Gravitic Drive  
  79  6:06  Shield Battery  
  79  6:13  Adept  
  79  6:14  Adept x2  
  79  6:31  Disruptor (Chrono Boost)  
  75  6:48  Nexus  
  73  6:59  Probe x2  
  71  7:04  Colossus (Chrono Boost)  
  75  7:11  Probe x2  
  75  7:15  Blink (Chrono Boost)  
  75  7:16  Sentry x2  
  75  7:17  Stalker  
  75  7:20  Forge  
  75  7:21  Pylon  
  77  7:23  Probe  
  77  7:24  Probe  
  79  7:35  Probe  
  79  7:36  Adept, Probe  
  83  7:44  Colossus (Chrono Boost)  
  83  7:48  Probe x2  
  83  7:50  Protoss Ground Weapons Level 1 (Chrono Boost)  
  91  7:51  Gateway, Sentry  
  91  7:55  Pylon  
  91  7:58  Pylon  
  93  8:00  Probe x3  
  96  8:08  Gateway  
  96  8:12  Adept, Probe x3  
  99  8:24  Probe x3  
  102  8:29  Stalker x3  
  102  8:31  Extended Thermal Lance  
  104  8:36  Assimilator, Gateway, Probe  
  104  8:37  Assimilator, Gateway  
  105  8:41  Stargate  
  105  8:46  Pylon  
  105  8:49  Pylon, Colossus  
  111  8:59  Stalker x3  
  117  9:06  Photon Cannon  
  117  9:08  Pylon  
  117  9:11  Pylon  
  117  9:18  Charge  
  117  9:24  Photon Cannon  
  117  9:26  Sentry, Stalker x4  
  127  9:36  Phoenix (Chrono Boost)  
  127  9:39  Shield Battery  
  127  9:45  Adept, Immortal  
  133  9:50  Adept  
  134  9:55  Stalker x2, Zealot x2  
  142  10:01  Pylon  
  142  10:12  Phoenix  
  138  10:18  Probe  
  138  10:19  Probe  
  140  10:30  Disruptor  
  140  10:35  Nexus  
  143  10:36  Pylon  
  140  10:48  Stalker x5  
  113  11:02  Probe x2 (Chrono Boost)  
  113  11:03  Probe (Chrono Boost)  
  79  11:14  Probe (Chrono Boost)  
  73  11:20  Zealot x6, Probe x2 (Chrono Boost)  
  73  11:21  Zealot  
  73  11:23  Probe (Chrono Boost)  
  88  11:27  Probe x2 (Chrono Boost)  
  88  11:28  Probe  
  91  11:35  Templar Archives  

Tags
 
Add a new tag
Caveats
  • Supply blocks, unpowered buildings, or Contaminate may cause inaccurate times.
  • Supply counts are checked every 10 seconds.